 Dungeon Crawl Stone Soup version 0.31-a0-963-ga325b2283a (webtiles) character file.

Game seed: 3413773015952069744

136 Sanktem7 the Covered (level 4, 0/61 HPs)
             Began as a Minotaur Fighter on Oct 26, 2023.
             Succumbed to a goblin's poison
             ... on level 3 of the Dungeon.
             The game lasted 00:03:57 (1613 turns).

Sanktem7 the Covered (Minotaur Fighter)             Turns: 1613, Time: 00:03:58

Health: 0/61       AC: 22    Str: 22    XL:     4   Next: 98%
Magic:  3/3        EV:  2    Int:  5    God:
Gold:   82         SH:  4    Dex: 10    Spells: 3/3 levels left

rFire   . . .        a - +0 war axe {axe}
rCold   . . .        c - +0 buckler
rNeg    . . .        b - melded +0 scale mail
rPois   +            (helmet currently unavailable)
rElec   .            t - melded +0 cloak {Will+}
rCorr   .            (gloves currently unavailable)
SInv    .            (boots currently unavailable)
Will    .....        (no amulet)
Stlth   +            (no ring)
HPRegen 0.30/turn    (no ring)
MPRegen 0.08/turn

%: no passive effects
@: brilliant, lethally poisoned (0 -> -7), tree-form, attractive, hasted, very
quick
A: stationary, stasis, torment immunity, boosted hp, (horns 2), (retaliatory
headbutt)
a: no special abilities


You were on level 3 of the Dungeon.
You were a tree.
You visited 1 branch of the dungeon, and saw 3 of its levels.

You collected 82 gold pieces.


Innate Abilities, Weirdness & Mutations

You are a tree.
Your roots penetrate the ground, keeping you stationary.
You cannot be teleported.
You are immune to unholy pain and torment.
Your maximum health is greatly increased.
Your equipment is partially melded.
((You have a pair of horns on your head.))
((You reflexively headbutt those who attack you in melee.))


   Skills:
 + Level 4.3 Fighting
 * Level 4.1 Axes
 + Level 1.2 Throwing
 + Level 4.4 Armour
 + Level 4.3 Shields


You had 3 spell levels left.
You didn't know any spells.
Your spell library contained the following spells:

 Spells                   Type           Power      Damage    Failure   Level
 Apportation              Tloc           0%         N/A       54%         1
 Necrotise                Necr           0%         1d4       54%         1
 Summon Small Mammal      Summ           0%         N/A       54%         1

Inventory:

Hand Weapons
 a - a +0 war axe (weapon) {axe}
Missiles
 j - 17 stones {throwing}
 n - 2 javelins {throwing}
Armour
 b - a +0 scale mail (melded)
 c - a +0 buckler (worn)
 t - a +0 cloak of willpower (melded)
   (You took it off Crazy Yiuf on level 2 of the Dungeon)
Scrolls
 f - 4 scrolls of identify {unknown}
 h - 2 scrolls of enchant weapon {unknown}
 k - a scroll of silence {unknown}
 p - 2 scrolls of poison {unknown}
 r - a scroll of torment {unknown}
Potions
 d - a potion of might
 o - a potion of cancellation {unknown}
 q - a potion of resistance {unknown}

Dungeon Overview and Level Annotations

Branches:
Dungeon (3/15) Zot: 16345

Altars:

##........ #.........
.......# #...>.....
#...(.. #.........
.....# #.........
#....# #......... #
#....### #.).......
#.###......###)♣.....$.
#...†.......##.........
#...)..<...............
#...............####...
#......).)......## ##
#.............".....
#...................
#............#........
#.#........†......#.#[


There were no monsters in sight!


Message History

You regained 11 hp, and now have 38/41 hp.
A giant cockroach is nearby!
A giant cockroach is nearby!
A giant cockroach is nearby!
A giant cockroach is nearby! 😕 HP[+1]
You slash the giant cockroach!
You kill the giant cockroach!
No target in view!
No target in view!
No target in view!
No target in view!
No target in view!
No target in view!
No target in view!
No target in view!
No target in view!
No target in view!
No target in view!
No target in view!
No target in view!
No target in view!
No target in view!
You now have 82 gold pieces (gained 11).
p - 2 scrolls labelled VAEVVE KAGRIBB (gained 1)
A gnoll comes into view. It is wielding a +0 halberd. 😎 HP[+2]
Your hp is fully restored (41).
A gnoll is nearby!
A gnoll is nearby!
A gnoll is nearby!
A gnoll is nearby!
The gnoll shouts!
Found a ring mail.
Found a stone staircase leading down.
The gnoll barely misses you.
The gnoll hits you with a +0 halberd! 😕 HP[-8]
You take 8 damage, and now have 33/41 hp.
You hit the gnoll. x2
A goblin comes into view. It is wielding a +0 dagger of venom.
The gnoll hits you but does no damage. You block the gnoll's attack. 😕 HP[+1]
You closely miss the gnoll. You barely miss the gnoll.
The goblin shouts!
You block the gnoll's attack.
The gnoll hits you with a +0 whip. 😕 HP[-3]
You take 3 damage, and now have 31/41 hp.
You slash the gnoll!
You kill the gnoll!
You barely miss the gnoll.
The gnoll hits you with a +0 halberd! x2
* * * LOW HITPOINT WARNING * * *
😨 HP[-15]
You take 15 damage, and now have 16/41 hp.
MASSIVE DAMAGE!! (PAUSE)
You closely miss the gnoll. Your headbutt misses the gnoll.
The gnoll hits you but does no damage. 😨 HP[+1]
You slash the gnoll!
You kill the gnoll!
The goblin hits you but does no damage.
You are poisoned.
Things that are here:
a +0 halberd {polearm}; 11 gold pieces; a gnoll corpse You barely miss the goblin.
You feel very sick. The goblin hits you but does no damage.
You are more poisoned.
The goblin hits you with a +0 dagger of venom.
* * * LOW HITPOINT WARNING * * *
You are more poisoned. 😨 HP[-4]
You take 4 damage, and now have 13/41 hp.
You slash the goblin!
You kill the goblin!
* * * LOW HITPOINT WARNING * * *
You feel very sick. 😱 HP[-5]
You take 5 damage, and now have 8/41 hp.
Okay, then.
It was a potion of attraction.
You feel attractive to monsters.
* * * LOW HITPOINT WARNING * * *
You feel very sick. 😱 HP[-4]
You take 4 damage, and now have 4/41 hp.
It was a potion of haste.
You feel yourself speed up.
* * * LOW HITPOINT WARNING * * *
You feel very sick. 😱 HP[-2]
You take 2 damage, and now have 2/41 hp.
It was a potion of lignification.
You turn into a tree.
Your +0 cloak of willpower melds into your body.
Your +0 scale mail melds into your body.
You feel less strong-willed.
Your roots penetrate the ground.
* * * LOW HITPOINT WARNING * * *
You feel sick.
You now have 61 max hp (+20).
It was a potion of brilliance.
You feel clever all of a sudden.
You die...

Skill      XL: |  1  2  3  4 |
---------------+-------------+-----
Axes           | 3 4 |  4.1
Fighting       | 4 |  4.3
Shields        | 4 |  4.3
Armour         | 4 |  4.4
Throwing       | 1 |  1.2

Action                     |  1- 3 |  4- 6 || total
---------------------------+-------+-------++-------
  Melee: War axe           |    93 |    17 ||   110
         Headbutt          |    11 |     1 ||    12
    Use: Potion            |       |     4 ||     4
 Armour: Scale mail        |    59 |    20 ||    79
  Dodge: Dodged            |    55 |     5 ||    60
  Block: Buckler           |    20 |     5 ||    25

Levels and vault maps discovered:
D:1:      dpeg_arrival_subterranean_lakeside_camping, layout_basic
D:2:      layout_rooms, shapermc_ecumenical_altar_mp_urbaneastern,
          hangedman_abyss_or_decor_lesser_grid, uniq_crazy_yiuf_cottage
D:3:      layout_rooms, hangedman_abyss_or_decor_stabs

Notes
Turn   | Place    | Note
-------+----------+-------------------------------------------
     0 | D:1      | Sanktem7 the Minotaur Fighter began the quest for the Orb.
     0 | D:1      | Reached XP level 1. HP: 19/19 MP: 0/0
     0 | D:1      | magus.rc [v1.9.6]
   154 | D:1      | Reached XP level 2. HP: 27/27 MP: 1/1
   241 | D:1      | Reached skill level 3 in Axes
   254 | D:1      | You pick up a book of Cantrips and begin reading...
   254 | D:1      | You add the spells Necrotise, Summon Small Mammal and
                  | Apportation to your library.
   696 | D:1      | Reached skill level 4 in Fighting
   696 | D:1      | Reached XP level 3. HP: 33/33 MP: 2/2
   697 | D:1      | Reached skill level 4 in Shields
   882 | D:2      | Reached skill level 4 in Armour
   963 | D:2      | Found a faded altar of an unknown god.
  1360 | D:2      | Found a runed translucent door.
  1361 | D:2      | Noticed Crazy Yiuf
  1368 | D:2      | HP: 6/33 [Crazy Yiuf/+4 quarterstaff of chaos (15)]
  1370 | D:2      | Killed Crazy Yiuf
  1371 | D:2      | Reached skill level 1 in Throwing
  1371 | D:2      | Reached XP level 4. HP: 8/40 MP: 0/3
  1531 | D:3      | Reached skill level 4 in Axes
  1609 | D:3      | HP: 8/41 [poisoned by a goblin]
  1611 | D:3      | HP: 2/41 [poisoned by a goblin]
  1613 | D:3      | Succumbed to a goblin's poison

Vanquished Creatures
  Crazy Yiuf (D:2)
  An adder (D:2)
  3 gnolls (D:3)
  A worm (D:2)
  3 dart slugs
  An orc (D:3)
  3 endoplasms
  3 giant cockroaches
  9 goblins
  5 hobgoblins
  4 kobolds
  3 quokkas
  5 ball pythons (D:1)
  7 bats
  A frilled lizard (D:2)
  7 rats
57 creatures vanquished.

Table legend:
 A = Non-vault XP
 B = Vault XP
 C = Vault XP percentage of total XP
 D = Non-vault monster count
 E = Vault monster count
 F = Vault count percentage of total count
                 A         B        C        D         E       F
            +---------+---------+-------+---------+---------+-------
      Total |     147 |      48 |  24.6 |      50 |       7 |  12.3
            +---------+---------+-------+---------+---------+-------
        D:1 |      38 |       8 |  17.4 |      23 |       6 |  20.7
        D:2 |      50 |      40 |  44.4 |      17 |       1 |   5.6
        D:3 |      59 |       0 |   0.0 |      10 |       0 |   0.0
            +---------+---------+-------+---------+---------+-------

Skill      XL: |  1  2  3  4 |
---------------+-------------+-----
Axes           | 3 4 |  4.1
Fighting       | 4 |  4.3
Shields        | 4 |  4.3
Armour         | 4 |  4.4
Throwing       | 1 |  1.2

Action                     |  1- 3 |  4- 6 || total
---------------------------+-------+-------++-------
  Melee: War axe           |    93 |    17 ||   110
         Headbutt          |    11 |     1 ||    12
    Use: Potion            |       |     4 ||     4
 Armour: Scale mail        |    59 |    20 ||    79
  Dodge: Dodged            |    55 |     5 ||    60
  Block: Buckler           |    20 |     5 ||    25

Illustrated notes

Table legend:
 A = Kills in this place as a percentage of kills in the entire game.
 B = Kills by you in this place as a percentage of kills by you in the entire game.
 C = Kills by friends in this place as a percentage of kills by friends in the entire game.
 D = Other kills in this place as a percentage of other kills in the entire game.
 E = Experience gained in this place as a percentage of experience gained in the entire game.
 F = Experience gained in this place divided by the number of levels of this place that you have seen.
                   A       B       C       D       E      F
               +-------+-------+-------+-------+-------+----------------------
         Total | 100.0 | 100.0 |   N/A |   N/A | 100.0 |  65.0
       Dungeon | 100.0 | 100.0 |   N/A |   N/A | 100.0 |  65.0
               +-------+-------+-------+-------+-------+----------------------

Table legend: (Time is in decaauts)
 A = Elapsed time spent in this place.
 B = Non-inter-level travel time spent in this place.
 C = Inter-level travel time spent in this place.
 D = Time resting spent in this place.
 E = Time spent auto-exploring this place.
 F = Levels seen in this place.
 G = Mean time per level.
                   A        B        C        D        E       F      G
               +--------+--------+--------+--------+--------+-----+--------+
         Total |   1654 |   1621 |     33 |      0 |   1309 |   3 |  551.3 |
       Dungeon |   1654 |   1621 |     33 |      0 |   1309 |   3 |  551.3 |
               +--------+--------+--------+--------+--------+-----+--------+

Top non-repeatable levels by time:
     D:1: 901 daAuts
     D:2: 656 daAuts
     D:3: 96 daAuts
